AoeStats
← DichterAnwal

Black Forest

507896270Analyzed
4v4 RM · 13d ago on Sep 20, 2026· 58m 3s· 8 players
Game mode
Random Map
Map size
Large (8 player)
Population
200
Speed
Normal
Resources
Standard
Victory
Conquest
Starting age
Dark Age
Ending age
Imperial Age
RankedLock teamsTeams togetherTeam positionsShared explorationLock speedFull tech treeHidden civsTurbo modeCheats
Victory
Defeat
🇺🇸 Teutons · United States
965
+15
🇻🇳 Franks · Vietnam
943
+16
🇨🇦 Persians · Canada
921
+17
🇨🇳 Mongols · China
901
+18
🇳🇵 Bohemians · Nepal
1028
-20
🇩🇪 Burgundians · Germany
969
-18
🇵🇪 Muisca · Peru
914
-15
🇨🇦 Celts · Canada
849
-13
LazyDonkey
2:36 Loom
15:38 Feudal Age
16:26 Double-Bit Axe
16:22 Horse Collar
21:19 Castle Age
20:41 Stone Mining
20:43 Gold Mining
22:59 Fishing Lines
24:00 Masonry
25:17 Wheelbarrow
26:10 Gillnets
26:39 Heavy Plow
32:12 Imperial Age
30:07 Ballistics
30:08 Fervor
30:19 Sanctity
30:17 Bow Saw
31:47 Hand Cart
31:19 Town Watch
32:27 Masonry
32:23 Fletching
34:30 Crenellations
34:53 Bodkin Arrow
35:32 Block Printing
36:36 Illumination
36:47 Theocracy
37:47 Chemistry
36:57 Siege Engineers
37:52 Scale Mail Armor
38:01 Scale Barding Armor
37:57 Padded Archer Armor
39:07 Two-Man Saw
38:40 Crop Rotation
38:38 Town Patrol
39:25 Chain Barding Armor
39:16 Forging
39:55 Leather Archer Armor
41:05 Plate Barding Armor
40:46 Redemption
41:17 Bombard Tower
41:21 Scale Mail Armor
41:56 Iron Casting
40:53 Elite Teutonic Knight
41:58 Conscription
43:25 Ring Archer Armor
42:59 Squires
43:15 Chain Mail Armor
43:46 Ironclad
44:54 Blast Furnace
47:58 Plate Mail Armor
48:23 Caravan
48:13 Cavalier
49:03 Bloodlines
50:11 Fortified Wall
50:12 Paladin
58:07 Hoardings
Đại Việt 2026
5:30 Loom
16:04 Feudal Age
20:47 Castle Age
18:54 Double-Bit Axe
36:38 Imperial Age
34:48 Wheelbarrow
34:49 Murder Holes
36:11 Bow Saw
37:06 Forging
37:23 #83
39:15 Chemistry
38:53 Hand Cart
40:05 Iron Casting
39:45 Scale Mail Armor
40:24 Ballistics
41:35 Masonry
40:48 Elite Throwing Axeman
46:14 Blast Furnace
45:30 Chain Mail Armor
45:23 Onager
47:14 Cavalier
47:54 Husbandry
48:45 Paladin
51:00 Plate Mail Armor
50:35 Scale Barding Armor
SHARP99
0:49 Loom
11:47 Feudal Age
12:19 Double-Bit Axe
18:50 Castle Age
17:02 Stone Mining
19:02 Gold Mining
19:44 Bow Saw
26:17 Horse Collar
27:28 Heavy Plow
33:08 Imperial Age
31:17 Wheelbarrow
32:24 Hand Cart
32:52 Gold Shaft Mining
32:57 Forging
33:49 Stone Shaft Mining
33:51 Conscription
34:14 Scale Barding Armor
34:44 Iron Casting
36:01 Two-Man Saw
35:26 Chain Barding Armor
35:10 Cavalier
36:01 Bloodlines
35:52 Husbandry
36:15 Caravan
37:08 Plate Barding Armor
37:35 Blast Furnace
37:49 Chemistry
37:20 Fletching
37:34 Savar
39:07 Crop Rotation
41:21 Scale Mail Armor
41:17 Bodkin Arrow
41:22 Town Watch
43:18 Elite Skirmisher
44:52 Padded Archer Armor
45:08 Chain Mail Armor
46:43 Thumb Ring
46:57 Leather Archer Armor
47:13 Plate Mail Armor
48:11 Coinage
47:52 Guilds
50:17 Ring Archer Armor
50:59 Banking
57:05 Light Cavalry
Kevin
0:32 Loom
13:12 Feudal Age
14:43 Double-Bit Axe
14:39 Horse Collar
17:16 Castle Age
25:53 Wheelbarrow
27:42 Hand Cart
27:12 Town Watch
27:51 Bow Saw
27:44 Heavy Plow
28:02 Gold Mining
28:02 Stone Mining
31:08 Stone Shaft Mining
30:40 Scale Barding Armor
30:46 Forging
30:26 Fletching
30:36 Padded Archer Armor
31:13 Gold Shaft Mining
34:10 Imperial Age
32:09 Ballistics
32:00 Fortified Wall
32:00 Masonry
33:14 Caravan
33:32 Town Patrol
33:27 Light Cavalry
34:17 Bloodlines
34:08 Husbandry
35:25 Conscription
35:02 Elite Mangudai
37:18 Chemistry
36:24 Siege Engineers
35:58 Hussar
36:44 Capped Ram
38:17 Bodkin Arrow
38:37 Leather Archer Armor
38:43 Chain Barding Armor
38:58 Iron Casting
39:13 Bracer
39:52 Iron Casting
38:41 Siege Ram
39:49 Drill
40:33 Elite Steppe Lancer
42:32 Thumb Ring
42:53 Parthian Tactics
43:32 Blast Furnace
sensticks
11:32 Feudal Age
12:17 Double-Bit Axe
13:14 Wheelbarrow
13:22 Gold Mining
17:36 Fishing Lines
21:25 Castle Age
22:07 Caravan
22:35 Stone Mining
25:29 Bow Saw
26:34 Gillnets
27:29 Hand Cart
28:12 Gold Shaft Mining
28:12 Stone Shaft Mining
27:45 Arson
27:46 Gambesons
27:21 Man-at-Arms
31:20 Horse Collar
31:45 Long Swordsman
35:50 Imperial Age
34:19 Heavy Plow
35:59 Capped Ram
37:09 Furor Celtica
37:51 Scale Mail Armor
38:02 Forging
39:08 Siege Engineers
40:07 Chemistry
38:53 Arrowslits
39:46 Two-Handed Swordsman
40:49 Chain Mail Armor
41:09 Iron Casting
40:29 Onager
41:52 Elite Woad Raider
42:54 Conscription
42:06 Pikeman
42:42 Halberdier
45:33 Siege Onager
45:35 Siege Ram
45:55 Champion
56:14 Plate Mail Armor
56:44 Blast Furnace
56:42 Heavy Scorpion
DichterAnwal
1:37 Loom
10:35 Double-Bit Axe
12:27 Feudal Age
18:27 Castle Age
16:40 Stone Mining
17:59 Horse Collar
18:41 Heavy Plow
21:09 Wheelbarrow
20:48 Bow Saw
22:07 Stone Shaft Mining
26:58 Crop Rotation
28:49 Gold Mining
31:07 Two-Man Saw
30:47 Gold Shaft Mining
34:42 Imperial Age
32:35 Hand Cart
32:50 Burgundian Vineyards
33:29 Scale Barding Armor
33:34 Caravan
35:02 Padded Archer Armor
34:53 Fletching
35:14 Forging
35:05 Scale Mail Armor
35:26 Chain Barding Armor
36:51 Leather Archer Armor
36:31 Bodkin Arrow
36:12 Pikeman
36:53 Squires
36:39 Arson
37:39 Iron Casting
36:53 Elite Coustillier
39:10 Chain Mail Armor
39:42 Halberdier
50:45 Plate Mail Armor
51:44 Plate Barding Armor
51:32 Elite Skirmisher
GoEchi
0:42 Loom
11:40 Feudal Age
12:24 Double-Bit Axe
13:21 Horse Collar
20:08 Castle Age
18:13 Stone Mining
18:18 Gold Mining
21:17 Bow Saw
22:19 Heavy Plow
25:09 Fletching
25:20 Padded Archer Armor
25:35 Forging
25:25 Scale Mail Armor
26:45 Stone Shaft Mining
26:48 Gold Shaft Mining
27:42 Wheelbarrow
26:53 Town Watch
29:20 Hand Cart
30:27 Chain Mail Armor
30:47 Iron Casting
29:39 Champi Runner
30:23 Squires
29:44 Pikeman
34:13 Imperial Age
32:33 Champi Warrior
32:37 Pikeman
33:25 Herbalism
34:22 Elite Champi Warrior
35:45 Coinage
37:23 Chemistry
38:00 Two-Man Saw
37:31 Crop Rotation
38:50 Huaracas
38:06 Elite Guecha Warrior
39:20 Plate Mail Armor
40:42 Banking
41:27 Elite Temple Guard
41:59 Elite Skirmisher
42:44 Thumb Ring
42:48 Padded Archer Armor
44:43 Fletching
45:09 Leather Archer Armor
50:02 Onager
snowttle
0:52 Loom
12:36 Feudal Age
16:59 Castle Age
15:10 Double-Bit Axe
16:12 Horse Collar
27:42 Wheelbarrow
27:51 Heavy Plow
28:02 Bow Saw
29:29 Hand Cart
31:23 Chemistry
30:24 Fletching
30:34 Padded Archer Armor
32:13 Ballistics
35:12 Imperial Age
32:49 Bodkin Arrow
33:36 Bodkin Arrow
33:56 Leather Archer Armor
33:51 Wagenburg Tactics
34:09 Town Watch
36:43 Masonry
36:30 Murder Holes
36:45 Fortified Wall
36:40 Pikeman
37:20 Squires
38:09 Halberdier
38:55 Scale Mail Armor
38:56 Bracer
39:26 Ring Archer Armor
38:38 Houfnice
41:21 Elite Skirmisher
44:32 Chain Mail Armor
Connection lost

Rejoining the realm…

Still unreachable

The connection could not be restored.

Session expired

The server has moved on; the page needs a fresh start.